 Dungeon Crawl Stone Soup version 0.27.1-4-g1640c2035a (webtiles) character file.

Game seed: 14807023583557055460

32 CuBeRJAN3 the Skirmisher (level 3, -3/33 HPs)
             Began as a Draconian Berserker on Nov 5, 2021.
             Was a Follower of Trog.
             Slain by a gnoll (6 damage)
             ... on level 1 of the Dungeon.
             The game lasted 00:02:29 (1077 turns).

CuBeRJAN3 the Skirmisher (Draconian Berserker)      Turns: 1077, Time: 00:02:30

Health: -3/33      AC:  5    Str: 20    XL:     3   Next: 8%
Magic:  3/3        EV: 12    Int:  7    God:    Trog [*.....]
Gold:   83         SH:  0    Dex: 10    Spells: 2/2 levels left

rFire    . . .     SeeInvis .   a - +0 hand axe
rCold    . . .     Faith    .   (no shield)
rNeg     . . .     Spirit   .   (armour unavailable)
rPois    .         Reflect  .   (helmet restricted)
rElec    .         Harm     .   (no cloak)
rCorr    .         Rampage  .   (no gloves)
Will     .....                  (no boots)
Stlth    +.........             (no amulet)
HPRegen  0.11/turn              (no ring)
MPRegen  0.08/turn              (no ring)

@: no status effects
A: AC +5, unfitting armour, cold-blooded
a: Renounce Religion, Berserk


You were on level 1 of the Dungeon.
You worshipped Trog.
Trog was aware of your devotion.
You visited 1 branch of the dungeon, and saw 2 of its levels.

You collected 83 gold pieces.

Inventory:

Hand Weapons
 a - a +0 hand axe (weapon)
Potions
 b - a potion of curing {unknown}


   Skills:
 * Level 4.1 Fighting
 + Level 3.3 Axes
 + Level 3.0 Dodging


You had 2 spell levels left.
You didn't know any spells.
Your spell library was empty.

Dungeon Overview and Level Annotations

Branches:
Dungeon (2/15)

Altars:


Innate Abilities, Weirdness & Mutations

Your plain brown scales are hard. (AC +5)
You cannot fit into any form of body armour.
You are cold-blooded and may be slowed by cold attacks.


Message History

2 stones; a +0 short sword
Things that are here:
4 stones; a +0 club
There is a stone staircase leading down here.
You climb downwards.
Found a mace.
There is a stone staircase leading up here.
You climb upwards.
There is a stone staircase leading down here.
You see here a +0 short sword.
There is a stone staircase leading down here.
You climb downwards.
There is a stone staircase leading up here.
The gnoll shouts!
You can no longer call upon Trog for regeneration and willpower.
There is a stone staircase leading up here.
The gnoll misses you.
You climb upwards.
There is a stone staircase leading down here.
You hit the gnoll but do no damage. You tail-slap the gnoll.
The gnoll is moderately wounded.
The gnoll hits you with a +0 flail.
You hit the gnoll.
The gnoll is severely wounded.
The gnoll closely misses you.
You closely miss the gnoll.
The gnoll is severely wounded.
The gnoll hits you with a +0 flail!
You hit the gnoll but do no damage.
Your tail-slap misses the gnoll.
The gnoll is severely wounded.
The gnoll hits you with a +0 flail!
Press: ? - help, v - describe, . - travel
Here: a gnoll, wielding a +0 flail (severely wounded)
The floor.
You hit the gnoll.
The gnoll is severely wounded.
The gnoll hits you with a +0 flail!
* * * LOW HITPOINT WARNING * * *
The gnoll hits you with a +0 flail.
You die...

#......)......##........
###.....#######.##.#######
#....)....# #...[.....#
#.###.###.# ####.####.# #.# #.#
#.# #.# #.# ###.###.###.####
#.####.## #### #..............#
#........ ...# #.#.###.###.##.###
###.#####
##.###.#.##...##@##...####...####
#.........###.#g..........#.....
#..#......# #....#######....###.
#.........###.##.# #.#.## #.
#....#.#.#...###># #.#.# #.
##...###..........# #.#.# ##.
....## ##)......#.# #.#.# #..
##...###.###..#.#.# #.#.# #..
##.(..#.## #..#...#######...# #..


You could see a gnoll.

Vanquished Creatures
  7 bats (D:1)
  3 endoplasms (D:1)
  A goblin (D:1)
  4 hobgoblins (D:1)
  3 jackals (D:1)
  A quokka (D:1)
  A frilled lizard (D:1)
  6 kobolds (D:1)
  3 rats (D:1)
29 creatures vanquished.

Notes
Turn   | Place    | Note
-------+----------+-------------------------------------------
     0 | D:1      | CuBeRJAN3 the Draconian Berserker began the quest for the
                  | Orb.
     0 | D:1      | Reached XP level 1. HP: 19/19 MP: 1/1
   276 | D:1      | Reached XP level 2. HP: 27/27 MP: 2/2
   510 | D:1      | Reached skill level 4 in Fighting
   562 | D:1      | Reached XP level 3. HP: 32/33 MP: 3/3
   608 | D:1      | Reached ** piety under Trog
  1077 | D:1      | Slain by a gnoll

Illustrated notes

Levels and vault maps discovered:
D:1:      eino_arrival_druids_welcome, layout_loops_ring
D:2:      layout_basic, uniq_jessica

Skill      XL: |  1  2 |
---------------+-------+-----
Fighting       | 4 |  4.1
Dodging        | 3 |  3.0
Axes           | |  3.3

Action                   || total
-------------------------++-------
Melee: Hand axe          ||    76
       Tailslap          ||     5
 Stab: Sleeping          ||     1
Armor: Skin              ||    21
Dodge: Dodged            ||    57
